Map: Dusk Towers

Players

Bordan - Winner!

  • Race: Protoss Protoss
  • League: Grandmaster

Miszu

  • Race: Terran Terran
  • League: Master

VOD

Have the link to the VOD?

Description

Time

  • Played on: June 12, 2016, 8:22 a.m.
  • Length: 17:53
Show
View Real Time Build Order
Export as new Build Order

Bordan Protoss - Winner!

Build Orders: 1 Gate Expand 

Get SALT Encoding   

  12  0:01  Probe (Chrono Boost)  
  13  0:11  Probe (Chrono Boost)  
  14  0:18  Pylon  
  14  0:22  Probe (Chrono Boost)  
  15  0:36  Gateway, Probe (Chrono Boost)  
  16  0:46  Probe (Chrono Boost)  
  17  0:57  Probe (Chrono Boost)  
  18  1:10  Nexus  
  18  1:14  Probe (Chrono Boost)  
  19  1:23  Cybernetics Core  
  19  1:27  Probe (Chrono Boost)  
  19  1:32  Assimilator  
  20  1:37  Assimilator, Probe (Chrono Boost)  
  21  1:45  Pylon  
  21  1:48  Probe (Chrono Boost)  
  22  1:58  Probe (Chrono Boost)  
  23  2:10  Stalker (Chrono Boost)  
  23  2:11  Probe  
  26  2:19  Warp Gate  
  26  2:20  Probe  
  27  2:23  Probe  
  27  2:30  Probe  
  27  2:35  Probe (Chrono Boost)  
  29  2:42  Probe (Chrono Boost)  
  29  2:44  Stalker (Chrono Boost)  
  29  2:48  Probe (Chrono Boost)  
  32  2:53  Twilight Council, Probe (Chrono Boost)  
  34  2:58  Probe (Chrono Boost)  
  34  3:04  Pylon, Probe (Chrono Boost)  
  35  3:10  Mothership Core (Chrono Boost)  
  37  3:17  Stalker  
  39  3:21  Probe (Chrono Boost)  
  40  3:28  Probe (Chrono Boost)  
  40  3:31  Probe (Chrono Boost)  
  42  3:38  Probe (Chrono Boost)  
  43  3:42  Probe (Chrono Boost)  
  44  3:50  Nexus  
  44  3:56  Probe (Chrono Boost)  
  44  4:00  Gateway  
  44  4:02  Gateway  
  45  4:04  Robotics Facility  
  45  4:07  Probe x2 (Chrono Boost)  
  47  4:17  Blink (Chrono Boost), Probe (Chrono Boost)  
  47  4:19  Probe  
  49  4:24  Stalker  
  51  4:32  Probe  
  51  4:34  Pylon  
  51  4:35  Pylon  
  51  4:37  Probe  
  52  4:38  Assimilator  
  52  4:42  Assimilator  
  52  4:44  Probe  
  54  4:52  Observer  
  55  4:54  Stalker  
  55  4:56  Stalker, Probe  
  55  4:57  Stalker, Probe  
  63  5:01  Probe  
  63  5:07  Probe  
  64  5:09  Probe  
  64  5:11  Pylon  
  64  5:12  Probe  
  67  5:17  Observer, Probe  
  67  5:20  Stalker x3  
  75  5:22  Probe x2  
  75  5:28  Probe  
  77  5:30  Assimilator  
  77  5:33  Probe  
  77  5:34  Assimilator, Probe  
  80  5:38  Probe  
  80  5:40  Pylon  
  80  5:42  Pylon  
  81  5:43  Sentry, Probe  
  81  5:46  Probe  
  81  5:47  Observer  
  86  5:51  Stalker x2, Probe  
  86  5:54  Probe  
  92  5:59  Pylon  
  92  6:00  Probe  
  92  6:02  Probe  
  94  6:04  Probe  
  94  6:07  Stalker  
  97  6:12  Probe x2  
  97  6:13  Robotics Bay  
  99  6:18  Immortal  
  103  6:28  Adept  
  103  6:29  Adept  
  103  6:32  Probe  
  105  6:33  Adept  
  105  6:34  Probe  
  105  6:36  Pylon  
  105  6:37  Pylon  
  109  6:49  Robotics Facility  
  109  6:51  Stalker x2  
  109  6:53  Colossus  
  113  6:55  Probe  
  113  6:56  Probe x2  
  113  7:01  Extended Thermal Lance (Chrono Boost)  
  122  7:08  Probe x2  
  122  7:09  Probe  
  122  7:14  Gateway  
  122  7:15  Gateway  
  124  7:17  Gateway  
  124  7:19  Stalker x2  
  124  7:21  Stalker  
  131  7:27  Forge  
  131  7:28  Forge  
  130  7:30  Pylon  
  130  7:40  Pylon  
  130  7:41  Pylon  
  130  7:43  Pylon  
  130  7:48  Colossus  
  135  7:57  Colossus  
  135  7:58  Stalker x3  
  146  8:07  Pylon  
  146  8:10  Protoss Ground Weapons Level 1 (Chrono Boost), Protoss Ground Armor Level 1 (Chrono Boost)  
  146  8:22  Pylon  
  146  8:23  Pylon  
  146  8:42  Observer  
  146  8:48  Adept x3, Resonating Glaives  
  144  8:49  Adept x3, Observer  
  157  9:03  Immortal  
  157  9:05  Immortal, Pylon  
  165  9:17  Pylon  
  165  9:18  Pylon  
  164  9:30  Stalker  
  164  9:31  Stalker x3  
  170  9:35  Nexus  
  170  9:37  Colossus  
  172  9:42  Colossus  
  184  9:49  Pylon  
  140  10:07  Stalker x5  
  140  10:08  Stalker  
  150  10:24  Colossus  
  150  10:29  Pylon  
  150  10:35  Pylon  
  156  10:36  Warp Prism  
  156  10:38  Pylon x2  
  156  10:40  Assimilator  
  156  10:42  Photon Cannon  
  158  10:43  Photon Cannon x2  
  158  10:44  Photon Cannon  
  158  10:45  Assimilator  
  158  10:46  Photon Cannon x2  
  158  10:55  Protoss Ground Armor Level 2 (Chrono Boost)  
  158  10:59  Protoss Ground Weapons Level 2 (Chrono Boost)  
  158  11:11  Colossus  
  158  11:13  Immortal  
  158  11:16  Adept x6  
  180  11:24  Gateway  
  180  11:37  Stalker x2  
  180  11:38  Stalker x4  
  190  11:48  Immortal  
  194  12:01  Stargate  
  194  12:05  Immortal (Chrono Boost)  
  170  12:26  Stalker x4  
  170  12:27  Stalker x2  
  170  12:28  Colossus (Chrono Boost)  
  186  12:34  Mothership Core  
  136  12:51  Stalker  
  136  12:52  Stalker x6  
  150  12:58  Protoss Ground Armor Level 3 (Chrono Boost)  
  150  13:16  Adept x2  
  150  13:17  Adept x4  
  150  13:19  Sentry  
  164  13:30  Colossus (Chrono Boost)  
  170  13:36  Colossus (Chrono Boost)  
  176  13:44  Templar Archives  
  176  13:46  Phoenix  
  177  14:11  Stalker x2  
  177  14:12  Stalker x2  
  177  14:16  Colossus x2 (Chrono Boost)  
  189  14:20  Protoss Ground Weapons Level 3 (Chrono Boost)  
  189  14:23  Psionic Storm  
  193  14:37  High Templar x3  
  197  14:56  Nexus  
  197  14:58  Pylon  
  197  15:11  Immortal  
  197  15:15  Immortal  
  191  15:27  High Templar  
  193  15:31  Stargate  
  193  15:33  Stargate  
  193  15:35  Stargate  
  193  15:40  Assimilator  
  193  15:41  High Templar  
  195  15:44  Assimilator  
  195  15:45  Immortal  
  195  15:46  Photon Cannon  
  195  15:47  Photon Cannon  
  195  15:49  Fleet Beacon  
  174  16:14  Stalker x3  
  174  16:15  Stalker x4  
  179  16:41  Stalker  
  179  16:42  High Templar x2  
  179  16:43  Stalker x3  
  179  16:44  Stalker  
  161  17:17  Stalker x2  
  161  17:18  Stalker x5  
  163  17:41  Nexus  
Show
View Real Time Build Order
Export as new Build Order

Miszu Terran 

Build Orders: Reaper Expand, MMM Bio 

Get SALT Encoding   

  12  0:01  SCV  
  13  0:13  SCV  
  14  0:18  Supply Depot  
  14  0:25  SCV  
  15  0:40  SCV  
  15  0:41  Barracks  
  16  0:43  Refinery  
  16  0:52  SCV  
  17  1:04  SCV  
  18  1:16  SCV  
  19  1:28  Orbital Command  
  19  1:29  Reaper  
  20  1:39  Command Center  
  20  1:47  Supply Depot  
  20  1:54  SCV  
  21  2:01  Engineering Bay  
  21  2:02  Barracks Reactor  
  21  2:06  SCV  
  22  2:19  SCV  
  22  2:21  Barracks  
  23  2:32  Terran Infantry Weapons Level 1  
  23  2:33  SCV  
  24  2:40  Marine x2  
  26  2:45  SCV  
  27  2:51  Orbital Command  
  27  2:57  Marine, SCV  
  27  2:58  Marine  
  30  3:07  Barracks Tech Lab  
  30  3:09  Barracks, SCV  
  31  3:15  Marine x2  
  31  3:18  SCV  
  34  3:21  SCV  
  34  3:25  Marine  
  34  3:26  Stimpack  
  36  3:30  SCV  
  36  3:33  Supply Depot, Marine x2, SCV  
  40  3:38  Refinery  
  40  3:39  Refinery  
  40  3:42  SCV  
  40  3:45  Marine  
  40  3:46  SCV  
  43  3:51  Marine  
  43  3:52  Supply Depot  
  43  3:54  SCV  
  43  3:55  Marine  
  45  3:58  SCV  
  45  3:59  Marine  
  47  4:03  Factory  
  47  4:06  SCV  
  47  4:09  Marine  
  50  4:10  SCV  
  50  4:13  Marine  
  50  4:14  Marauder  
  53  4:18  Supply Depot, SCV  
  53  4:21  Marine  
  53  4:22  SCV  
  56  4:26  Marine  
  56  4:27  Terran Infantry Armor Level 1  
  56  4:30  SCV  
  58  4:34  SCV  
  58  4:36  Marauder  
  61  4:40  Supply Depot  
  61  4:42  Marine, SCV  
  63  4:46  SCV  
  63  4:47  Marine x2  
  63  4:50  Supply Depot  
  66  4:53  Starport  
  66  4:54  SCV, Factory Reactor  
  66  4:58  SCV  
  68  5:01  Marine  
  68  5:03  Marauder  
  68  5:06  SCV  
  72  5:08  Supply Depot  
  72  5:10  SCV  
  72  5:13  Marine x2  
  75  5:19  SCV  
  76  5:22  Command Center  
  76  5:23  Barracks Tech Lab  
  76  5:25  Marauder  
  76  5:27  Refinery  
  78  5:34  Supply Depot  
  78  5:36  Medivac x2  
  78  5:39  Combat Shields  
  78  5:41  Concussive Shells  
  78  5:42  Marine, Marauder  
  84  5:43  Marine  
  84  5:47  SCV  
  84  5:48  SCV  
  88  5:51  Supply Depot  
  88  5:53  Marauder  
  90  5:59  SCV  
  90  6:00  Marine x2, SCV  
  90  6:03  Supply Depot  
  94  6:06  Medivac, Marauder  
  94  6:08  Medivac  
  100  6:11  SCV  
  100  6:12  SCV  
  100  6:14  Factory Reactor  
  102  6:19  Armory  
  102  6:20  Engineering Bay  
  102  6:23  SCV  
  102  6:24  SCV  
  103  6:31  Marine, Marauder  
  103  6:32  Marauder  
  106  6:36  Barracks  
  100  6:40  Barracks  
  100  6:46  Marine  
  101  6:51  SCV x2  
  101  6:52  Marauder  
  101  6:53  Orbital Command  
  103  7:01  Liberator x2  
  103  7:03  Marauder, SCV x2  
  107  7:13  Widow Mine x2  
  107  7:14  Marauder  
  107  7:15  SCV x2  
  114  7:20  SCV  
  122  7:27  Barracks Reactor, Barracks Tech Lab, SCV  
  123  7:32  Refinery, Terran Infantry Weapons Level 2  
  123  7:33  Refinery  
  123  7:35  Terran Infantry Armor Level 2  
  123  7:38  Barracks  
  123  7:40  Barracks  
  123  7:42  Barracks  
  123  7:45  Marauder  
  125  8:01  Marauder, Widow Mine x2  
  131  8:15  Marauder  
  131  8:18  Liberator  
  133  8:21  Supply Depot  
  133  8:22  Supply Depot  
  133  8:23  Supply Depot, Marine x5  
  133  8:24  Ghost Academy, Marauder  
  133  8:25  Liberator  
  133  8:26  Supply Depot, Barracks Reactor  
  140  8:27  Barracks Tech Lab  
  140  8:29  Barracks Tech Lab, Command Center  
  143  8:57  Marine x2, Marauder x4  
  143  8:58  Marine x3  
  143  9:00  Liberator  
  156  9:03  Supply Depot  
  156  9:04  Supply Depot  
  156  9:05  Supply Depot  
  156  9:08  Liberator  
  156  9:12  Marine x2  
  156  9:15  Marine x3  
  156  9:16  Marine  
  156  9:17  Marauder  
  164  9:18  Marine, Marauder  
  170  9:26  Marauder x2  
  170  9:30  Marine x2  
  177  9:33  Marine  
  177  9:36  Marauder  
  177  9:38  Marine x3, Marauder  
  184  9:40  Marauder  
  184  9:42  Starport  
  187  9:48  Marine, Marauder x2  
  187  9:55  Liberator  
  187  9:58  Marine x3, Marauder  
  187  9:59  Marine x3  
  161  10:01  Marine  
  161  10:06  Marine  
  129  10:09  Marine x2  
  125  10:16  Marine x5  
  125  10:18  Marine  
  125  10:21  Liberator x2  
  131  10:22  Planetary Fortress  
  134  10:31  Marine  
  136  10:37  Terran Infantry Weapons Level 3, Terran Infantry Armor Level 3  
  136  10:39  Marauder  
  136  10:42  Liberator  
  136  10:44  Marauder  
  136  10:45  Marauder  
  140  10:55  Marauder  
  142  10:58  Marine  
  142  10:59  Marauder  
  142  11:01  Marauder  
  142  11:03  Liberator  
  142  11:04  Liberator  
  150  11:05  Marine x2  
  150  11:06  Refinery x2, Marauder  
  154  11:13  Marine, Marauder  
  154  11:14  Marine x2  
  154  11:16  Marine x2  
  161  11:19  Marine  
  161  11:21  Marine  
  161  11:23  Marine x2  
  161  11:25  Liberator  
  171  11:31  Marauder  
  172  11:37  Marauder  
  171  11:40  Marine, Marauder  
  171  11:46  Liberator  
  176  11:48  Marine x6, Marauder  
  176  11:52  Marine  
  182  11:58  Marine x2  
  184  12:01  Marine  
  184  12:03  Command Center  
  184  12:05  Marine  
  184  12:06  Marine  
  184  12:07  Marauder  
  195  12:09  Starport Tech Lab, Fusion Core  
  192  12:16  Marauder  
  172  12:27  Marauder  
  164  12:34  Liberator  
  150  12:38  Marine, Marauder  
  150  12:39  Marine x7, Marauder  
  150  12:40  Liberator  
  128  12:47  Marine  
  97  12:52  Liberator  
  97  12:56  Marine  
  97  12:57  Marine x4, Marauder x2  
  109  13:00  Marauder x2  
  113  13:06  Marauder  
  113  13:12  Marine  
  119  13:17  Marine, Liberator  
  119  13:19  Marauder x2  
  124  13:21  Marauder  
  128  13:27  Marauder  
  128  13:28  Marine, Marauder  
  128  13:33  Marine  
  132  13:34  Marine  
  132  13:37  Liberator x2  
  132  13:40  Marine, Marauder x2  
  132  13:41  Marine  
  141  13:42  Marauder  
  147  14:00  Liberator  
  145  14:10  Marauder  
  145  14:11  Marauder  
  145  14:14  SCV  
  145  14:15  SCV  
  145  14:16  SCV  
  151  14:17  SCV  
  151  14:19  Advanced Ballistics, Liberator  
  151  14:20  Liberator  
  151  14:21  Marine x2  
  158  14:28  SCV x2  
  163  14:38  Planetary Fortress  
  163  14:43  Marauder, Liberator  
  165  14:59  Missile Turret  
  165  15:02  Liberator x2  
  165  15:15  SCV  
  165  15:16  SCV x3  
  165  15:20  Marauder  
  172  15:24  Marauder  
  172  15:25  Marine  
  172  15:27  Marauder  
  172  15:28  Marine, SCV x4  
  182  15:29  Marine  
  186  16:00  Marauder  
  192  16:19  Viking x3, Ghost x2  
  192  16:21  Ghost x3  
  192  16:23  Command Center  
  190  17:03  SCV  
  105  17:17  Marauder  
  105  17:18  Marauder  
  105  17:21  Marine, Marauder  
  105  17:22  Viking x2, Marine x7  
  109  17:23  Viking  
Tags
 
Add a new tag
Caveats
  • Supply blocks, unpowered buildings, or Contaminate may cause inaccurate times.
  • Supply counts are checked every 10 seconds.